 Dungeon Crawl Stone Soup version 0.21-a0-215-g0631661 (webtiles) character file.

14683 Kidiri the Thaumaturge (level 11, -2/63 HPs)
             Began as a Deep Elf Fire Elementalist on Aug 21, 2017.
             Was a Believer of Vehumet.
             Killed by the air
             ... invoked by Dominolapin's ghost
              (23 damage)
             ... on level 2 of the Lair of Beasts on Aug 22, 2017.
             The game lasted 00:52:54 (11499 turns).

Kidiri the Thaumaturge (DEFE)                      Turns: 11499, Time: 00:52:54

Health: -2/63      AC: 11    Str:  7    XL:     11   Next: 91%
Magic:  23/38      EV: 23    Int: 24    God:    Vehumet [**....]
Gold:   1189       SH:  0    Dex: 17    Spells: 15/35 levels left

rFire    + . .     SeeInvis .   s - +3 dagger (venom)
rCold    + . .     Gourm    .   (no shield)
rNeg     . . .     Faith    .   K - +2 robe {rC+}
rPois    .         Spirit   .   e - +1 helmet
rElec    .         Reflect  .   (no cloak)
rCorr    .         Harm     .   l - +1 pair of gloves
MR       +....                  k - +1 pair of boots
Stlth    +++.......             x - amulet of rage
HPRegen  0.20/turn              E - +5 ring of evasion
MPRegen  0.26/turn              y - ring of magical power

@: no status effects
A: thin skeletal structure 1, fire resistance 1, strong 1, MP-powered wands
a: Renounce Religion, Evoke Berserk Rage


You were on level 2 of the Lair of Beasts.
You worshipped Vehumet.
Vehumet was pleased with you.
You were not hungry.

You visited 3 branches of the dungeon, and saw 11 of its levels.
You also visited: Ice Cave.

You collected 1189 gold pieces.

Inventory:

Hand Weapons
 s - a +3 dagger of venom (weapon)
 C - the +8 trident "Giferog" {vamp, rF+ Dex+2}
   (You found it on level 2 of the Lair of Beasts)

   It inflicts no extra harm, but heals its wielder when it wounds a living foe.
   It affects your dexterity (+2).
   It protects you from fire.
Armour
 b - +0 ice dragon scales
 e - a +1 helmet (worn)
 k - a +1 pair of boots (worn)
 l - a +1 pair of gloves (worn)
 K - a +2 robe of cold resistance (worn)
Jewellery
 q - an uncursed amulet of harm
 w - an uncursed ring of protection from magic
 x - an amulet of rage (around neck)
 y - a ring of magical power (right hand)
 z - an uncursed ring of see invisible
 E - a +5 ring of evasion (left hand)
 J - an uncursed ring of ice
Wands
 F - a wand of polymorph (16/24)
 H - a wand of clouds (4/9)
 I - a wand of polymorph (10/24)
Scrolls
 i - 4 scrolls of remove curse
 p - a scroll of fear
 r - 5 scrolls of amnesia
 t - 6 scrolls of teleportation
Potions
 f - 2 potions of might
 g - 4 potions of brilliance
 j - 3 potions of haste
 m - 3 potions of lignification
 n - 4 potions of curing
 o - 3 potions of flight
 u - 2 potions of berserk rage
 B - a potion of resistance
 G - a potion of ambrosia
Comestibles
 a - 3 chunks of flesh
 c - 5 bread rations
 d - 5 meat rations


   Skills:
 + Level 5.0 Fighting
 + Level 6.3 Short Blades
 + Level 5.1 Armour
 + Level 7.9 Dodging
 - Level 2.4 Stealth
 * Level 12.9 Spellcasting
 + Level 7.9 Conjurations
 + Level 8.1 Fire Magic
 + Level 2.5 Ice Magic
 + Level 4.0 Air Magic


You had 15 spell levels left.
You knew the following spells:

 Your Spells              Type           Power        Failure   Level  Hunger
a - Flame Tongue          Conj/Fire      #####        1%          1    None
b - Throw Flame           Conj/Fire      ######       1%          2    None
c - Conjure Flame         Conj/Fire      ######..     1%          3    None
d - Inner Flame           Hex/Fire       #####...     2%          3    None
e - Sticky Flame          Conj/Fire      ######..     1%          4    None
f - Fireball              Conj/Fire      ######....   3%          5    ###....
g - Shock                 Conj/Air       ####         1%          1    None
h - Freeze                Ice            ####         1%          1    None


Dungeon Overview and Level Annotations

Branches:
Dungeon (8/15)             Temple (1/1) D:7            Lair (2/6) D:8
 Shoals (0/4) Lair:2
  Snake: Lair:2-4    Spider: Lair:2-4

Altars:
Ashenzari
Cheibriados
Dithmenos
Elyvilon
Fedhas
Gozag
Hepliaklqana
Kikubaaqudgha
Makhleb
Nemelex Xobeh
Okawaru
Qazlal
Ru
Sif Muna
Trog
Uskayaw
Vehumet
Wu Jian
Xom
Yredelemnul
Zin
The Shining One
Beogh

Shops:
D:5 (   D:6 *

Annotations:
Lair:2 Dominolapin's ghost, journeyman OpWz


Innate Abilities, Weirdness & Mutations

You have a somewhat thin skeletal structure. (Dex +2, Stealth)
Your flesh is heat resistant. (rF+)
Your muscles are strong. (Str +2)
You expend magic power (3 MP) to strengthen your wands.


Message History

a ring of protection from magic; a death yak corpse
Casting: Sticky Flame
Confirm with . or Enter, or press ? or * to list all spells.
Aiming: Throw Flame
Press: ? - help, Shift-Dir - straight line, f - Dominolapin's ghost
Aim: Dominolapin's ghost, wielding a weapon of draining The puff of flame hits Dominolapin's ghost.
Dominolapin's ghost resists.
Dominolapin's ghost is lightly damaged.
Casting: Throw Flame
Confirm with . or Enter, or press ? or * to list all spells.
Aiming: Flame Tongue
Press: ? - help, Shift-Dir - straight line, f/p - Dominolapin's ghost
Aim: Dominolapin's ghost, wielding a weapon of draining (lightly damaged)
The flame tongue hits Dominolapin's ghost.
Dominolapin's ghost resists.
Dominolapin's ghost is lightly damaged.
Dominolapin's ghost waves its NO PLURAL ARMS in wide circles.
The air twists around and strikes you!
You die...

###### ### ########### ###
#.##P####.###.#.#.##..###.####.##
.......Y...†....@..5.............
P#P##...###.$..............#+..#.
.###.#P+..#.....#.W#P.§...#....
##........#...............#.....
#.............#........P..# .....
#................................
##.....................P..#......
#........##.............S........
#.#...#.## ..


You could see Dominolapin's ghost and a crimson imp.

Vanquished Creatures
  2 ice dragons (IceCv)
  Fannar (Lair:1)
  A two-headed ogre (D:7)
  3 death yaks (Lair:2)
  3 elephants (Lair:2)
  2 ice statues (IceCv)
  2 rime drakes (IceCv)
  3 spiny frogs
  3 komodo dragons
  A basilisk (Lair:2)
  Eustachio (D:6)
  3 yaks (Lair:2)
  5 porcupines
  2 water moccasins
  A sky beast (D:5)
  2 black bears
  An eye of draining (D:8)
  20 ice beasts
  5 orc warriors
  5 wolves (Lair:2)
  A centaur (D:7)
  2 crocodiles (Lair:1)
  3 bullfrogs
  4 scorpions
  3 killer bees (D:5)
  A centaur zombie (D:6)
  A bullfrog zombie (D:5)
  A jelly (D:6)
  2 hounds
  3 orc priests
  2 bullfrog skeletons
  2 centaur skeletons
  An iguana (D:6)
  6 orc wizards
  6 worker ants
  4 hound skeletons
  2 worker ant zombies (D:5)
  Robin (D:2)
  9 gnolls
  11 adders
  A river rat (D:5)
  A shadow imp (D:5)
  3 oozes (D:4)
  3 adder skeletons
  8 worms
  2 dart slugs (D:2)
  A leopard gecko (D:2)
  40 orcs
  A ball python (D:4)
  5 bats
  11 giant cockroaches
  17 goblins
  9 hobgoblins
  7 jackals
  3 quokkas
  7 frilled lizards
  8 kobolds
  A quokka skeleton (D:4)
  A quokka zombie (D:7)
  7 rats
  A plant (D:8)
268 creatures vanquished.

Vanquished Creatures (others)
  A fungus (Lair:2)
  3 plants
4 creatures vanquished.

Grand Total: 272 creatures vanquished

Notes
Turn   | Place    | Note
-------+----------+-------------------------------------------
     0 | D:1      | Kidiri the Deep Elf Fire Elementalist began the quest for the Orb.
     0 | D:1      | Reached XP level 1. HP: 10/10 MP: 6/6
   172 | D:1      | Upgraded the game from 0.21-a0-210-gbfa5647 to 0.21-a0-215-g0631661
   281 | D:1      | Found a shimmering altar of Xom.
   406 | D:1      | Reached XP level 2. HP: 15/15 MP: 3/8
   410 | D:1      | Learned a level 2 spell: Throw Flame
   924 | D:1      | Reached skill level 4 in Spellcasting
  1082 | D:2      | Reached XP level 3. HP: 19/19 MP: 8/10
  1104 | D:2      | Learned a level 3 spell: Conjure Flame
  1108 | D:2      | Learned a level 3 spell: Inner Flame
  1149 | D:2      | Noticed Robin
  1419 | D:2      | Killed Robin
  1690 | D:2      | Reached XP level 4. HP: 24/24 MP: 8/12
  1717 | D:2      | Found a sparkling altar of Nemelex Xobeh.
  2319 | D:3      | Reached skill level 5 in Spellcasting
  2709 | D:4      | Learned a level 4 spell: Sticky Flame
  2745 | D:4      | Reached XP level 5. HP: 24/28 MP: 10/15
  2873 | D:4      | Reached skill level 6 in Spellcasting
  3071 | D:4      | Reached XP level 6. HP: 32/32 MP: 11/17
  3517 | D:4      | Learned a level 5 spell: Fireball
  3703 | D:4      | Found a sparkling altar of Nemelex Xobeh.
  3732 | D:4      | Reached skill level 1 in Short Blades
  3817 | D:4      | Reached skill level 7 in Spellcasting
  4321 | D:4      | Reached XP level 7. HP: 37/37 MP: 19/19
  4416 | D:5      | Entered Level 5 of the Dungeon
  4801 | D:5      | Reached skill level 1 in Fighting
  4878 | D:5      | Reached skill level 5 in Fire Magic
  4894 | D:5      | Reached skill level 1 in Armour
  4896 | D:5      | Found Izaruwidgh's Antique Weapon Boutique.
  4911 | D:5      | Gained mutation: You are frail. (-10% HP) [mutagenic meat]
  4913 | D:5      | Gained mutation: Your flesh is heat resistant. (rF+) [mutagenic meat]
  4914 | D:5      | Gained mutation: You tend to lose your temper in combat. [mutagenic meat]
  4915 | D:5      | Gained mutation: You expend magic power (3 MP) to strengthen your wands. [mutagenic meat]
  4916 | D:5      | Gained mutation: You are weak. (Str -2) [mutagenic meat]
  4917 | D:5      | Gained mutation: You occasionally shout uncontrollably at your foes. [mutagenic meat]
  5314 | D:5      | Reached XP level 8. HP: 38/38 MP: 13/21
  5742 | D:6      | Reached skill level 8 in Spellcasting
  6048 | D:6      | Reached skill level 5 in Conjurations
  6249 | D:6      | Noticed Eustachio
  6490 | D:6      | Killed Eustachio
  6554 | D:6      | Reached skill level 9 in Spellcasting
  6923 | D:6      | Found a glowing golden altar of the Shining One.
  6923 | D:6      | Found Facutuq's Hallowed Reliquary.
  6925 | D:6      | Noticed an angel
  7350 | D:7      | Reached XP level 9. HP: 43/44 MP: 19/24
  7359 | D:7      | Noticed a two-headed ogre
  7379 | D:7      | Killed a two-headed ogre
  7379 | D:7      | Reached skill level 5 in Dodging
  7697 | D:7      | Found a staircase to the Ecumenical Temple.
  7703 | Temple   | Entered the Ecumenical Temple
  7834 | Temple   | Became a worshipper of Vehumet
  8235 | D:8      | Reached skill level 10 in Spellcasting
  8303 | D:8      | Found a roughly hewn altar of Beogh.
  8319 | D:8      | Reached * piety under Vehumet
  8319 | D:8      | Offered knowledge of Shock by Vehumet.
  8488 | D:8      | Learned a level 1 spell: Shock
  8633 | D:8      | Found a staircase to the Lair.
  8634 | D:8      | Noticed a komodo dragon
  8663 | D:8      | Killed a komodo dragon
  8911 | Lair:1   | Entered Level 1 of the Lair of Beasts
  8931 | Lair:1   | Got a faintly glowing battleaxe
  8956 | Lair:1   | Noticed a komodo dragon
  8963 | Lair:1   | Killed a komodo dragon
  8963 | Lair:1   | Reached XP level 10. HP: 28/50 MP: 26/26
  9232 | Lair:1   | Reached skill level 1 in Air Magic
  9254 | Lair:1   | Identified the cursed +0 battleaxe of Peme {vamp, Str+3 Dex+4} (You found it on level 1 of the Lair of Beasts)
  9587 | Lair:1   | Noticed a spiny frog
  9596 | Lair:1   | Killed a spiny frog
  9658 | Lair:1   | Noticed Fannar
  9664 | Lair:1   | Killed Fannar
  9664 | Lair:1   | Reached skill level 5 in Short Blades
  9664 | Lair:1   | Reached skill level 11 in Spellcasting
 10058 | Lair:2   | Lost mutation: You are weak. (Str -2) [potion of mutation]
 10058 | Lair:2   | Lost mutation: You are frail. (-10% HP) [potion of mutation]
 10058 | Lair:2   | Lost mutation: You occasionally shout uncontrollably at your foes. [potion of mutation]
 10058 | Lair:2   | Lost mutation: You tend to lose your temper in combat. [potion of mutation]
 10058 | Lair:2   | Gained mutation: Your muscles are strong. (Str +2) [potion of mutation]
 10058 | Lair:2   | Gained mutation: You have a somewhat thin skeletal structure. (Dex +2, Stealth) [potion of mutation]
 10211 | Lair:2   | Noticed Dominolapin's ghost (journeyman OpWz)
 10233 | Lair:2   | Found a staircase to the Shoals.
 10257 | Lair:2   | Noticed a spiny frog
 10272 | Lair:2   | Killed a spiny frog
 10289 | Lair:2   | Noticed an elephant
 10290 | Lair:2   | Noticed an elephant
 10291 | Lair:2   | Reached XP level 11. HP: 31/62 MP: 17/28
 10306 | Lair:2   | Found a frozen archway.
 10308 | Lair:2   | Reached ** piety under Vehumet
 10308 | Lair:2   | Offered knowledge of Freeze by Vehumet.
 10314 | IceCv    | Entered an ice cave
 10315 | IceCv    | Reached skill level 12 in Spellcasting
 10334 | IceCv    | Learned a level 1 spell: Freeze
 10889 | IceCv    | Reached skill level 1 in Ice Magic
 11028 | IceCv    | Noticed an ice dragon
 11030 | IceCv    | Noticed an ice dragon
 11032 | IceCv    | Killed an ice dragon
 11033 | IceCv    | Killed an ice dragon
 11421 | Lair:2   | Noticed a death yak
 11423 | Lair:2   | Got a warped trident
 11424 | Lair:2   | Identified the +8 trident "Giferog" {vamp, rF+ Dex+2} (You found it on level 2 of the Lair of Beasts)
 11437 | Lair:2   | Noticed a death yak
 11439 | Lair:2   | Noticed a death yak
 11458 | Lair:2   | Killed a death yak
 11458 | Lair:2   | Reached skill level 5 in Armour
 11473 | Lair:2   | Killed a death yak
 11473 | Lair:2   | Reached skill level 5 in Fighting
 11484 | Lair:2   | Killed a death yak
 11499 | Lair:2   | Killed from afar by Dominolapin's ghost

Vault maps used:
D:1:      grunt_arrival_crossed_arrows, minmay_misc_feat_chi, xom_teletrap_fun
D:2:      nemelex_spade_bored_becter, uniq_robin
D:3:      first_bread
D:4:      nemelex_diamond_rough_becter
D:5:      lightli_sewer_entry_pipes, serial_shops, shop
D:6:      nicolae_good_shop, uniq_eustachio
D:7:      minmay_temple_entry_nine_rooms
D:8:      david_lair_shrubbed, special_room
Temple:   kilobyte_greek_temple
Lair:1:   uniq_fannar
Lair:2:   elwin_shoals_entry_rooms, spider_nest_entry_funnel_web,
          portal_ice_cave_entry_ice_beasts, grunt_megastairs_3
IceCv:    ice_cave_small_dragons

Skill      XL: |  1  2  3  4  5  6  7  8  9 10 11 |
---------------+----------------------------------+-----
Spellcasting   | 4 5 6 7 9 10 11 12 | 12.9
Conjurations   | 2 3 4 5 6 7 |  7.9
Fire Magic     | 4 5 6 7 8 |  8.1
Short Blades   | 1 2 3 4 5 6 |  6.3
Dodging        | 3 4 5 7 |  7.9
Fighting       | 1 2 3 4 5 |  5.0
Armour         | 1 2 3 4 5 |  5.1
Air Magic      | 2 4 |  4.0
Ice Magic      | 2 |  2.5
Stealth        | |  2.4

Action                   |  1- 3 |  4- 6 |  7- 9 | 10-12 || total
-------------------------+-------+-------+-------+-------++-------
Melee: Dagger            |    16 |    48 |   134 |    46 ||   244
 Cast: Flame Tongue      |    53 |    34 |   169 |    69 ||   325
       Throw Flame       |    14 |    18 |    38 |    17 ||    87
       Conjure Flame     |       |     1 |    13 |     5 ||    19
       Inner Flame       |       |     2 |     8 |       ||    10
       Sticky Flame      |       |     8 |    17 |    28 ||    53
       Fireball          |       |       |     4 |    34 ||    38
       Shock             |       |       |       |     1 ||     1
  Use: Scroll            |     7 |     9 |     6 |    10 ||    32
       Potion            |       |       |     3 |     5 ||     8
 Stab: Sleeping          |     7 |     3 |     2 |     1 ||    13
  Eat: Chunk             |     2 |    10 |    15 |     6 ||    33
       Fruit             |       |       |     6 |     6 ||    12
       Royal jelly       |       |       |     1 |     2 ||     3
Armor: Robe              |     7 |    18 |    27 |    16 ||    68
Dodge: Dodged            |    15 |    41 |   112 |    69 ||   237

Table legend:
 A = Spawn XP
 B = Non-spawn XP
 C = Spawn XP percentage of total XP
 D = Spawn monster count
 E = Non-spawn monster count
 F = Spawn count percentage of total count
 G = Total turns spent on level
                    A         B        C        D         E        F      G
               +---------+---------+-------+---------+---------+-------+---------
         Total |    6083 |   14894 |  29.0 |      42 |     225 |  15.7 | 11499
               +---------+---------+-------+---------+---------+-------+---------
           D:1 |       6 |      27 |  18.2 |       5 |      16 |  23.8 |   981
           D:2 |      17 |      80 |  17.5 |       2 |      35 |   5.4 |  1326
           D:3 |       1 |      41 |   2.4 |       1 |      10 |   9.1 |   405
           D:4 |      95 |     543 |  14.9 |       4 |      25 |  13.8 |  1728
           D:5 |     198 |     457 |  30.2 |       4 |      32 |  11.1 |  1311
           D:6 |     264 |     976 |  21.3 |      10 |      26 |  27.8 |  1598
           D:7 |      40 |    1175 |   3.3 |       2 |       6 |  25.0 |   537
           D:8 |     142 |    1267 |  10.1 |       4 |      30 |  11.8 |   855
        Lair:1 |     903 |    1979 |  31.3 |       3 |       7 |  30.0 |  1118
        Lair:2 |    4417 |    2899 |  60.4 |       7 |      18 |  28.0 |   530
         IceCv |       0 |    5450 |   0.0 |       0 |      20 |   0.0 |   940
               +---------+---------+-------+---------+---------+-------+---------
